Cogmind - Beta 9.3 @@@ ROGUE MODE // 2019.12.22 @ 00:00:49 // Winter2019/RPGLIKE Player: Exeight Result: Destroyed by S-27 Virus with Autogun Performance ------------- Evolutions (3) 1500 Regions Visited (9) 1800 Robots Destroyed (160) 800 Value Destroyed (5324) 5324 Prototype IDs (7) 140 Alien Tech Used (0) 0 Bonus (1956) 1956 TOTAL SCORE: 11520 Bonus ------- High Alert Combat Kills 1463 Follower Combat Kills 293 Entered Garrisons 200 Cogmind --------- Core Integrity 0/600 Matter 1/300 Energy 65/220 System Corruption 0% Temperature Cool (0) Movement Core (350) Ox6 Location -7/Factory Parts ------- > --- POWER (2) -------- Light Nuclear Core Light Nuclear Core > --- PROPULSION (4) --- Improved VTOL Module Xenon Bombardment Thruster Improved Cesium-ion Thruster Improved Cesium-ion Thruster > --- UTILITY (7) ------ Advanced Heat Sink Advanced Sensor Array Improved Signal Interpreter Advanced Targeting Computer Target Analyzer Armor Integrity Analyzer Hardlight Generator > --- WEAPON (1) ------- Precision Assault Rifle > --- INVENTORY (1) ---- Missile Launcher Peak State ------------ > --- POWER ------------ Light Nuclear Core Light Nuclear Core > --- PROPULSION ------- Improved VTOL Module Improved VTOL Module Improved Cesium-ion Thruster Improved Cesium-ion Thruster > --- UTILITY ---------- Advanced Heat Sink Advanced Sensor Array Improved Signal Interpreter Advanced Targeting Computer Target Analyzer Armor Integrity Analyzer Hardlight Generator > --- WEAPON ----------- Precision Assault Rifle > --- INVENTORY -------- Missile Launcher [Rating: 50] Favorites ----------- Power Light Nuclear Core Engine Makeshift Power Source Power Core Light Nuclear Core Propulsion Cesium-ion Thruster Leg Titanium Leg Flight Unit Cesium-ion Thruster Utility Improved Signal Interpreter Device Sensor Array Processor Improved Signal Interpreter Weapon Assault Cannon Energy Gun EM Pulse Gun Ballistic Gun Precision Assault Rifle Ballistic Cannon Assault Cannon Launcher Shock Bomb Launcher Build | -11 -10 -10 -9 -9 -9 -8 -8 -8 -7 ------- Run | Scr Mat Min Mat Min Exi Min Mat Gar Fac Slots Evolved 10 | 1 1 2 3 . . . 2 . 1 Power 1 | . . . . . . . . . 1 Propulsion 3 | . 1 2 . . . . . . . Utility 6 | 1 . . 3 . . . 2 . . Weapon . | . . . . . . . . . . Parts Attached 79 | 2 5 6 20 1 . 6 19 8 12 Power 9 | . 1 1 3 . . . 3 . 1 Engine 7 | . 1 1 3 . . . 2 . . Core 2 | . . . . . . . 1 . 1 Reactor . | . . . . . . . . . . Propulsion 21 | 1 2 4 9 . . . 2 . 3 Treads . | . . . . . . . . . . Leg 2 | 1 . 1 . . . . . . . Wheel . | . . . . . . . . . . Hover . | . . . . . . . . . . Flight 19 | . 2 3 9 . . . 2 . 3 Utility 10 | . 2 . 4 . . 1 2 . 1 Device 4 | . 1 . . . . 1 1 . 1 Storage . | . . . . . . . . . . Processor 6 | . 1 . 4 . . . 1 . . Hackware . | . . . . . . . . . . Protection . | . . . . . . . . . . Artifact . | . . . . . . . . . . Weapon 39 | 1 . 1 4 1 . 5 12 8 7 Energy Gun 1 | 1 . . . . . . . . . Energy Cannon . | . . . . . . . . . . Ballistic Gun 6 | . . . . . . . 2 . 4 Ballistic Cannon 18 | . . 1 2 . . 3 6 4 2 Launcher 14 | . . . 2 1 . 2 4 4 1 Special Weapon . | . . . . . . . . . . Impact Weapon . | . . . . . . . . . . Slashing Weapon . | . . . . . . . . . . Piercing Weapon . | . . . . . . . . . . Special Melee Weapon . | . . . . . . . . . . Unidentified Prototypes 7 | . . . . . . . 5 . 2 Parts Lost . | . . . . . . . . . . Power . | . . . . . . . . . . Propulsion . | . . . . . . . . . . Utility . | . . . . . . . . . . Weapon . | . . . . . . . . . . Highest Loss Streak . | . . . . . . . . . . Average Slot Usage (%) 96 | . 84 100 99 100 100 100 97 92 97 Engine 7 | . 14 15 10 9 9 9 1 . . Core 3 | . . . . . . . 6 7 12 Leg 4 | . 14 14 . . . . . . . Flight 28 | . 8 18 43 36 36 36 32 30 28 Device 13 | . 13 15 10 9 9 9 13 15 19 Processor 25 | . 13 15 23 36 36 36 32 30 28 Energy Gun 2 | . 18 . . . . . . . . Ballistic Cannon 7 | . . 15 10 4 . 7 7 6 . Naked Turns . | . . . . . . . . . . Heaviest Build 24 | 2 8 11 10 11 11 11 14 12 24 Greatest Support 29 | 10 10 17 24 24 24 24 24 24 29 Greatest Overweight (x) 2 | . 1 2 2 . . . . . 2 Average Overweight (x) . | . . . . . . . . . . Largest Inventory Capacity 1 | 1 1 1 1 1 1 1 1 1 1 Average Capacity 1 | 1 1 1 1 1 1 1 1 1 1 Most Carried 1 | 1 1 1 1 1 1 1 1 1 1 Average Carried . | . . 1 . 1 1 1 . 1 1 Final Capacity 1 | 1 1 1 1 1 1 1 1 1 1 Final Carried 1 | 1 1 1 1 1 1 1 1 1 1 Class Distribution -------------------- 51% | Mutant 47% | Sprinter Dominant Class ---------------- Mutant | -10/Materials Mutant | -10/Mines Sprinter | -9/Materials Sprinter | -9/Mines Sprinter | -9/Exiles Mutant | -8/Mines Mutant | -8/Materials Sprinter | -8/Garrison Sprinter | -7/Factory Resources | -11 -10 -10 -9 -9 -9 -8 -8 -8 -7 ----------- Run | Scr Mat Min Mat Min Exi Min Mat Gar Fac Matter Collected 2926 | 220 50 90 725 65 . 170 1077 320 209 Remotely . | . . . . . . . . . . Salvage Created 4496 | . 638 . 1293 49 . 53 1691 507 265 Parts 288 | . 44 . 85 3 . 16 105 18 17 Haulers Intercepted 14 | . 2 . 6 . . . 4 . 2 Recyclers Shooed . | . . . . . . . . . . Parts Field Recycled . | . . . . . . . . . . Retrieved Matter . | . . . . . . . . . . Parts Self-Destructed . | . . . . . . . . . . Prevented . | . . . . . . . . . . Kills | -11 -10 -10 -9 -9 -9 -8 -8 -8 -7 ------- Run | Scr Mat Min Mat Min Exi Min Mat Gar Fac Combat Hostiles Destroyed 121 | . 16 . 23 3 . 9 48 15 7 Guns 15 | . 13 . . . . . . . 2 Cannons 76 | . . . 18 2 . 6 39 11 . AOE 30 | . 3 . 5 1 . 3 9 4 5 Classes Destroyed 15 | . 6 . 4 2 . 1 2 . . Worker 4 | . . . . . . 1 2 . 1 Builder 1 | . 1 . . . . . . . . Tunneler 1 | . . . . 1 . . . . . Hauler 14 | . 2 . 6 . . . 4 . 2 Recycler 2 | . . . 1 . . . 1 . . Operator 7 | . 1 . 3 . . . 3 . . Watcher 10 | . 2 . 4 . . . 3 . 1 Swarmer 26 | . 6 . 2 . . 6 6 3 3 Grunt 59 | . 10 . 9 2 . 2 26 7 3 Brawler 3 | . . . 1 . . 1 . 1 . Duelist 3 | . . . 1 . . . 2 . . Protector 1 | . . . . . . . 1 . . Sentry 27 | . . . 10 . . . 12 4 1 Hunter 1 | . . . . . . . 1 . . Assembled 1 | . . . . 1 . . . . . Best Kill Streak 8 | . 4 . 5 2 . 6 8 6 6 Combat Bots Only 7 | . 3 . 4 2 . 6 7 6 5 Max Kills in Single Turn 3 | . 1 . 3 1 . 2 3 2 3 Gunslinging . | . . . . . . . . . . Exploded 3 | . 1 . 3 1 . 2 3 2 3 Melee . | . . . . . . . . . . Uniques/NPCs Destroyed . | . . . . . . . . . . Combat | -11 -10 -10 -9 -9 -9 -8 -8 -8 -7 -------- Run | Scr Mat Min Mat Min Exi Min Mat Gar Fac Damage Taken 3755 | . 528 69 407 263 . 127 1339 599 423 Core 3124 | . 430 56 345 212 . 99 1144 490 348 Absorbed by Shields 90 | . . . . . . . . . 90 Redirected to Core 2154 | . 319 40 214 172 . 86 678 379 266 Core Remaining (%) 88 | 100 . 100 . . . 97 . 56 . Volleys Fired 495 | . 79 6 102 12 . 21 175 62 38 Largest 1 | . 1 1 1 1 . 1 1 1 1 Hottest 48 | . 40 44 44 44 . 44 44 44 48 Shots Fired 495 | . 79 6 102 12 . 21 175 62 38 Gun 118 | . 79 . . . . . 10 . 29 Cannon 338 | . . 6 99 8 . 17 156 47 5 Launcher 39 | . . . 3 4 . 4 9 15 4 Special . | . . . . . . . . . . Kinetic 377 | . . 6 99 8 . 17 166 47 34 Thermal . | . . . . . . . . . . Explosive 26 | . . . 3 . . . 4 15 4 Electromagnetic 92 | . 79 . . 4 . 4 5 . . Robot Hit Streak 95 | . 7 4 25 4 . 13 95 33 41 Robot Miss Streak 9 | . 9 1 2 1 . 2 2 1 1 Penetration Max . | . . . . . . . . . . Secondary Targets . | . . . . . . . . . . Shots Hit Robots 414 | . 48 4 86 8 . 16 164 54 34 Core Hits 245 | . 30 . 40 5 . 11 85 54 20 Critical Hits 13 | . . . 2 1 . . 7 2 1 Critical Kills 5 | . . . . . . . 3 1 1 Critical Parts Destroyed 8 | . . . 2 1 . . 4 1 . Melee Attacks . | . . . . . . . . . . Impact . | . . . . . . . . . . Slashing . | . . . . . . . . . . Piercing . | . . . . . . . . . . Sneak Attacks . | . . . . . . . . . . Combat Hostiles . | . . . . . . . . . . Follow-up Attacks . | . . . . . . . . . . Damage Inflicted 15839 | . 971 112 2714 362 . 766 5356 4274 1284 Guns 1504 | . 711 . . . . . 189 . 604 Cannons 8673 | . . 112 2418 204 . 456 4210 1110 163 Explosions 5654 | . 252 . 296 158 . 310 957 3164 517 Melee . | . . . . . . . . . . Ramming 8 | . 8 . . . . . . . . Kinetic 9466 | . . 112 2418 204 . 456 4399 1110 767 Thermal 435 | . 252 . . . . 183 . . . Explosive 4606 | . . . 296 . . . 629 3164 517 Electromagnetic 1324 | . 711 . . 158 . 127 328 . . Impact . | . . . . . . . . . . Slashing . | . . . . . . . . . . Piercing . | . . . . . . . . . . Highest Corruption 2 | . . . 2 2 2 2 . . . Average Corruption 2 | . . . 2 2 2 2 . . . Corruption Purged . | . . . . . . . . . . Effects 9 | . . . 1 4 2 2 . . . Message Errors 7 | . . . 1 4 1 1 . . . Energy Discharges 1 | . . . . . 1 . . . . Targeting Errors 1 | . . . . . . 1 . . . Overload Shots . | . . . . . . . . . . Overflow Damage 387 | . . 7 68 . . 72 162 74 4 Projectiles 265 | . . 7 68 . . 18 154 14 4 Explosions 122 | . . . . . . 54 8 60 . Melee . | . . . . . . . . . . Knockbacks 65 | . . 3 8 3 . 1 49 1 . Impact . | . . . . . . . . . . Kinetic 59 | . . 3 8 3 . 1 43 1 . Secondary 6 | . . . . . . . 6 . . Self-Inflicted Damage 277 | . 147 . . 14 . 15 10 91 . Shots 11 | . 5 . . 1 . 2 1 2 . Rammed 1 | . 1 . . . . . . . . Targets Rammed 1 | . 1 . . . . . . . . Kicked . | . . . . . . . . . . Crushed . | . . . . . . . . . . Highest Temperature 298 | . 42 51 298 191 2 148 226 7 6 Average Temperature 57 | . 14 26 66 64 2 42 59 7 3 Received Heat Transfer 1053 | . 102 36 102 63 . 36 450 234 30 Effects 2 | . . . . . . . 2 . . Interference 2 | . . . . . . . 2 . . Siege Activations . | . . . . . . . . . . Robots Corrupted . | . . . . . . . . . . Combat Hostiles . | . . . . . . . . . . Parts Fried 5 | . 4 . . . . . 1 . . Impact Corruptions . | . . . . . . . . . . Robots Melted . | . . . . . . . . . . Combat Hostiles . | . . . . . . . . . . Parts Melted 1 | . 1 . . . . . . . . Heat Transferred 500 | . 300 . . . . 200 . . . Parts Sabotaged . | . . . . . . . . . . Parts Stolen . | . . . . . . . . . . Parts Stripped . | . . . . . . . . . . Power Chain Reactions 5 | . 5 . . . . . . . . Missiles Intercepted . | . . . . . . . . . . Alert | -11 -10 -10 -9 -9 -9 -8 -8 -8 -7 ------- Run | Scr Mat Min Mat Min Exi Min Mat Gar Fac Peak Influence 1424 | . 355 138 1237 495 . 322 1093 1424 829 Average Influence 494 | . 201 80 681 465 . 163 655 1065 779 Maximum Alert Level 4 | . 1 . 4 2 . 1 3 4 3 Low Security (%) 28 | 100 38 100 13 . . 63 2 . . Level 1 15 | . 61 . 13 . . 36 10 . . Level 2 21 | . . . 23 100 . . 41 . 7 Level 3 28 | . . . 29 . . . 44 51 92 Level 4 5 | . . . 20 . . . . 48 . Level 5 . | . . . . . . . . . . High Security . | . . . . . . . . . . Max Security . | . . . . . . . . . . Squads Dispatched 19 | . 4 1 4 . . . 9 . 1 Investigation 7 | . 3 1 1 . . . 2 . . Extermination . | . . . . . . . . . . Reinforcement 6 | . 1 . 2 . . . 2 . 1 Assault 3 | . . . 1 . . . 2 . . Garrison 3 | . . . . . . . 3 . . Intercept . | . . . . . . . . . . Construction Impeded . | . . . . . . . . . . Haulers Reinforced 1 | . . . . . . . . . 1 Stealth | -11 -10 -10 -9 -9 -9 -8 -8 -8 -7 --------- Run | Scr Mat Min Mat Min Exi Min Mat Gar Fac Distress Signals 11 | . 4 . 2 . . . 5 . . Communications Jammed . | . . . . . . . . . . Distress Signals . | . . . . . . . . . . Times Spotted 222 | . 29 6 42 16 . 10 88 15 16 Peak Tracking Total 11 | . 4 3 5 8 . 4 11 6 8 Tactical Retreats 18 | . . . . 1 . . 16 . 1 Traps | -11 -10 -10 -9 -9 -9 -8 -8 -8 -7 ------- Run | Scr Mat Min Mat Min Exi Min Mat Gar Fac Traps Triggered 14 | . 6 . 4 . . . 3 1 . Indirectly 2 | . . . . . . . 2 . . Trap Hack Attempts . | . . . . . . . . . . Triggered . | . . . . . . . . . . Disarmed . | . . . . . . . . . . Reprogrammed . | . . . . . . . . . . Reused . | . . . . . . . . . . Traps Extracted . | . . . . . . . . . . Installed . | . . . . . . . . . . Triggered 1 | . . 1 . . . . . . . Machines | -11 -10 -10 -9 -9 -9 -8 -8 -8 -7 ---------- Run | Scr Mat Min Mat Min Exi Min Mat Gar Fac Machines Disabled 17 | . 1 1 2 . . 5 2 6 . Max in Single Turn 4 | . 1 1 1 . . 4 1 2 . Garrison Relay 2 | . . . . . . . . 2 . Phase Generator 1 | . . . . . . . . 1 . Machines Sabotaged . | . . . . . . . . . . Garrisons Compromised . | . . . . . . . . . . Overloaded Fab Kills . | . . . . . . . . . . Fab Network Shutdowns . | . . . . . . . . . . Hacking | -11 -10 -10 -9 -9 -9 -8 -8 -8 -7 --------- Run | Scr Mat Min Mat Min Exi Min Mat Gar Fac Machines Accessed 28 | . 4 1 8 . 1 . 11 . 3 Terminals 25 | . 4 . 8 . . . 10 . 3 Fabricators . | . . . . . . . . . . Repair Stations . | . . . . . . . . . . Recycling Units . | . . . . . . . . . . Scanalyzers . | . . . . . . . . . . Garrison Access 1 | . . . . . . . 1 . . Total Hacks 71 | . 8 1 13 . 23 . 22 . 4 Successful 51 | . 2 1 8 . 23 . 15 . 2 Failed 20 | . 6 . 5 . . . 7 . 2 Catastrophic 2 | . 1 . . . . . . . 1 Database Lockouts . | . . . . . . . . . . Manual 41 | . 8 . 13 . . . 16 . 4 Terminals 45 | . 8 . 13 . . . 20 . 4 Fabricators . | . . . . . . . . . . Repair Stations . | . . . . . . . . . . Recycling Units . | . . . . . . . . . . Scanalyzers . | . . . . . . . . . . Garrison Access 2 | . . . . . . . 2 . . Terminal Hacks 35 | . 2 1 1 . 23 . 7 . 1 Record 26 | . . . . . 23 . 3 . . Open Door 1 | . . 1 . . . . . . . Terminal Index 2 | . 1 . . . . . 1 . . Alert Level 2 | . . . . . . . 2 . . Unreport Threat 1 | . . . . . . . 1 . . Recall Reinforcements 1 | . . . . . . . . . 1 Zone Layout 2 | . 1 . 1 . . . . . . Fabricator Hacks . | . . . . . . . . . . Repair Station Hacks . | . . . . . . . . . . Recycling Unit Hacks . | . . . . . . . . . . Scanalyzer . | . . . . . . . . . . Garrison Access Hacks 1 | . . . . . . . 1 . . Unlock Access 1 | . . . . . . . 1 . . Unauthorized Hacks 37 | . . . 17 . . . 17 . 3 Terminals 15 | . . . 7 . . . 7 . 1 Track 15 | . . . 7 . . . 7 . 1 Fabricators . | . . . . . . . . . . Repair Stations . | . . . . . . . . . . Recycling Units . | . . . . . . . . . . Scanalyzers . | . . . . . . . . . . Garrison Access . | . . . . . . . . . . Data Cores Recovered 3 | . . . 2 . . . 1 . . Used 2 | . . . 1 . . . 1 . . Hacking Detections 17 | . 3 . 5 . . . 7 . 2 Full Trace Events 2 | . . . 1 . . . 1 . . Feedback Events . | . . . . . . . . . . Feedback Blocked . | . . . . . . . . . . Robot Schematics Acquired . | . . . . . . . . . . Robots Built . | . . . . . . . . . . Matter . | . . . . . . . . . . Time . | . . . . . . . . . . Total Robot Build Rating . | . . . . . . . . . . Part Schematics Acquired . | . . . . . . . . . . Parts Built . | . . . . . . . . . . Matter . | . . . . . . . . . . Time . | . . . . . . . . . . Total Part Build Rating . | . . . . . . . . . . Parts Repaired . | . . . . . . . . . . Time . | . . . . . . . . . . Parts Recycled . | . . . . . . . . . . Recycled Matter . | . . . . . . . . . . Retrieved Matter . | . . . . . . . . . . Retrieved Components . | . . . . . . . . . . Parts Scanalyzed . | . . . . . . . . . . Part Schematics Acquired . | . . . . . . . . . . Parts Damaged . | . . . . . . . . . . Bothacking | -11 -10 -10 -9 -9 -9 -8 -8 -8 -7 ------------ Run | Scr Mat Min Mat Min Exi Min Mat Gar Fac Used RIF Installer . | . . . . . . . . . . Robots Hacked . | . . . . . . . . . . Non-combat . | . . . . . . . . . . Combat . | . . . . . . . . . . Robot Hacks Applied . | . . . . . . . . . . Relay Couplers Released 3 | . . . . . . . . 3 . Machine Destruction 3 | . . . . . . . . 3 . Robots Rewired . | . . . . . . . . . . Allies Hacked . | . . . . . . . . . . Hacks Repelled . | . . . . . . . . . . Allies | -11 -10 -10 -9 -9 -9 -8 -8 -8 -7 -------- Run | Scr Mat Min Mat Min Exi Min Mat Gar Fac Total Allies 3 | . . 3 . . . . . . . Largest Group 3 | . . 3 2 2 1 . . . . Highest-Rated Group 80 | . . 80 62 49 18 . . . . Highest-Rated Ally 31 | . . 31 31 31 18 . . . . Total Orders . | . . . . . . . . . . Ally Attacks 58 | . . 16 38 4 . . . . . Total Damage 785 | . . 260 505 20 . . . . . Kills 18 | . . 5 13 . . . . . . Allies Corrupted . | . . . . . . . . . . Allies Melted . | . . . . . . . . . . Intel | -11 -10 -10 -9 -9 -9 -8 -8 -8 -7 ------- Run | Scr Mat Min Mat Min Exi Min Mat Gar Fac Robot Analysis Total . | . . . . . . . . . . Derelict Logs Recovered 5 | . . 3 . 2 . . . . . Drone Launches . | . . . . . . . . . . Drone Recoveries . | . . . . . . . . . . Exploration | -11 -10 -10 -9 -9 -9 -8 -8 -8 -7 ------------- Run | Scr Mat Min Mat Min Exi Min Mat Gar Fac Turns Passed 5590 | 43 767 859 830 311 162 296 1530 289 503 Spaces Moved 6387 | 37 607 679 1279 466 290 626 1516 269 618 Core 6 | 6 . . . . . . . . . Treads . | . . . . . . . . . . Legs 933 | 31 329 573 . . . . . . . Wheels . | . . . . . . . . . . Hover . | . . . . . . . . . . Flight 5448 | . 278 106 1279 466 290 626 1516 269 618 Fastest Speed 26 | 50 37 31 31 31 31 31 28 28 26 Average Speed 45 | 108 82 116 31 31 32 33 32 30 30 Slowest Speed 210 | 120 120 210 200 31 34 34 34 32 165 Overloaded Moves . | . . . . . . . . . . Propulsion Burnouts . | . . . . . . . . . . Robots Hopped 25 | . 2 . 7 1 . 2 6 . 7 Cave-ins Triggered . | . . . . . . . . . . Exploration Rate (%) 69 | 4 97 99 95 73 76 97 92 51 14 Regions Visited 9 Branch Regions 4 Pre-discovered Areas 4 | . . 1 . 2 1 . . . . Known Exits Taken 7 | . 1 1 1 1 1 1 1 . . Unknown Exits Taken 1 | 1 . . . . . . . . . Scrap Searched 3 | . . 1 . 1 . 1 . . . Spaces Dug . | . . . . . . . . . . Terrain Destroyed 272 | . 13 . 30 1 . 35 43 139 11 Melee . | . . . . . . . . . . Projectile 18 | . . . 11 1 . 1 4 . 1 AOE 254 | . 13 . 19 . . 34 39 139 10 Actions | -11 -10 -10 -9 -9 -9 -8 -8 -8 -7 --------- Run | Scr Mat Min Mat Min Exi Min Mat Gar Fac Total 8490 | 39 792 741 1593 618 356 688 2372 405 886 Wait 1350 | . 80 36 165 136 67 23 588 38 217 Move 6331 | 36 602 678 1264 463 289 621 1505 268 605 Hop 23 | . 2 . 7 1 . 2 5 . 6 Pick Up 4 | 1 1 . 1 . . . 1 . . Fast Attach 51 | 2 5 6 16 . . 1 11 . 10 Attach . | . . . . . . . . . . Detach . | . . . . . . . . . . Swap 28 | . . . 4 1 . 5 8 8 2 Drop 37 | . 2 4 11 . . 1 11 . 8 Fire 495 | . 79 6 102 12 . 21 175 62 38 Melee . | . . . . . . . . . . Ram . | . . . . . . . . . . Kick 1 | . 1 . . . . . . . . Crush . | . . . . . . . . . . Escape Stasis 18 | . . . . . . . . 18 . Rewire . | . . . . . . . . . . Trap . | . . . . . . . . . . Miscellaneous 152 | . 20 11 23 5 . 14 68 11 . Route ------- -11/Scrapyard -10/Materials (discovered 5 exits: *Mat x3 / *Min x2) -10/Mines (discovered 2 exits: *Mat x2) -9/Materials (discovered 4 exits: *Mat x3 / *Min) -9/Mines (discovered 2 exits: *Mat / *Exi) -9/Exiles -8/Mines (discovered 2 exits: *Mat x2) -8/Materials (discovered 4 exits: *Fac x3 / Gar) -8/Garrison -7/Factory History --------- Turn | Location | Event 1 | -11/Scrapyard | Upgraded with Utility slot (x1) 4 | -11/Scrapyard | Discovered new exit (range 15) 44 | -11/Scrapyard | Entered Materials 274 | -10/Materials | Discovered new exit (range 2) 275 | -10/Materials | Identified exit to Mines 306 | -10/Materials | Build established: Mutant 567 | -10/Materials | Discovered new exit (range 16) 580 | -10/Materials | Reached level 2 605 | -10/Materials | Upgraded with Propulsion slot (x1) 637 | -10/Materials | Discovered exit to Mines (range 11) 657 | -10/Materials | Discovered new exit (range 16) 701 | -10/Materials | Discovered new exit (range 16) 811 | -10/Materials | Entered Mines 822 | -10/Mines | Learned Materials security intel 832 | -10/Mines | Met a Derelict shopkeep closing up shop 855 | -10/Mines | Learned Materials security intel 1012 | -10/Mines | Learned Materials terminal intel 1433 | -10/Mines | Discovered new exit (range 5) 1439 | -10/Mines | Escorted by a lone wolf Derelict 1444 | -10/Mines | Identified exit to Materials 1459 | -10/Mines | Learned location of Storage (-7) 1477 | -10/Mines | Discovered exit to Materials (range 9) 1574 | -10/Mines | Reached level 3 1620 | -10/Mines | Upgraded with Propulsion slot (x1) 1626 | -10/Mines | Upgraded with Propulsion slot (x1) 1670 | -10/Mines | Entered Materials 1670 | -9/Materials | Accompanied by 2 allies 1672 | -9/Materials | Loaded intel: 12 terminal locations 1672 | -9/Materials | Reached level 4 1675 | -9/Materials | Led the pair of lost Derelicts to an unsafe place 1782 | -9/Materials | Reached level 5 1791 | -9/Materials | Discovered new exit (range 15) 1806 | -9/Materials | Upgraded with Utility slot (x1) 1996 | -9/Materials | Reached level 6 2003 | -9/Materials | Build established: Sprinter 2127 | -9/Materials | Discovered new exit (range 16) 2180 | -9/Materials | Reached level 7 2230 | -9/Materials | Discovered new exit (range 10) 2266 | -9/Materials | Upgraded with Utility slot (x1) 2342 | -9/Materials | Reached level 8 2393 | -9/Materials | Upgraded with Utility slot (x1) 2409 | -9/Materials | Discovered new exit (range 11) 2470 | -9/Materials | First assault squad dispatched 2481 | -9/Materials | Identified exit to Mines 2500 | -9/Materials | Entered Mines 2500 | -9/Mines | Accompanied by 2 allies 2510 | -9/Mines | Deemed a non-threat by the Exiles lab entrance 2520 | -9/Mines | Discovered new exit (range 15) 2522 | -9/Mines | Found a hidden stash of uninstalled traps 2528 | -9/Mines | Identified exit to Materials 2657 | -9/Mines | Assembled infested the area 2658 | -9/Mines | Assisted by bots powering up and referring to "LRC-V3" 2658 | -9/Mines | Learned 8 Materials zone layouts 2738 | -9/Mines | Discovered new exit (range 5) 2758 | -9/Mines | Identified exit to Exiles 2811 | -9/Mines | Entered Exiles 2811 | -9/Exiles | Accompanied by 1 ally 2842 | -9/Exiles | Met 8R-AWN 2873 | -9/Exiles | Met EX-HEX 2886 | -9/Exiles | Met EX-DEC 2887 | -9/Exiles | Learned location of Zion (-7) 2921 | -9/Exiles | Visited The Gauntlet 2969 | -9/Exiles | Discovered new exit (range 12) 2972 | -9/Exiles | Identified exit to Mines 2973 | -9/Exiles | Entered Mines 2975 | -8/Mines | Reached level 9 3111 | -8/Mines | Discovered exit to Materials (range 9) 3163 | -8/Mines | Reached level 10 3242 | -8/Mines | Discovered exit to Materials (range 8) 3269 | -8/Mines | Entered Materials 3270 | -8/Materials | Identified exit to Factory 3271 | -8/Materials | Reached level 11 3401 | -8/Materials | Upgraded with Utility slot (x1) 3562 | -8/Materials | Build established: Mutant 3578 | -8/Materials | Discovered exit to Factory (range 16) 3624 | -8/Materials | Garrison activated, responded to threat 3670 | -8/Materials | Reached level 12 3705 | -8/Materials | Destroyed 7 combat bots 4069 | -8/Materials | First assault squad dispatched 4557 | -8/Materials | Build established: Sprinter 4566 | -8/Materials | Reached level 13 4575 | -8/Materials | Upgraded with Utility slot (x1) 4799 | -8/Materials | Identified exit to Garrison 4799 | -8/Materials | Entered Garrison 4858 | -8/Garrison | Phase Generator disabled 4876 | -8/Garrison | Garrison Relay disabled 4990 | -8/Garrison | Triggered checkpoint 5038 | -8/Garrison | Triggered checkpoint 5040 | -8/Garrison | Discovered exit to Factory (range 13) 5048 | -8/Garrison | Triggered checkpoint 5088 | -8/Garrison | Entered Factory 5090 | -7/Factory | Reached level 14 5203 | -7/Factory | Upgraded with Power slot (x1) 5352 | -7/Factory | Reached level 15 5518 | -7/Factory | Core integrity fell below 50% 5548 | -7/Factory | Core integrity fell below 20% 5591 | -7/Factory | Destroyed by S-27 Virus with Autogun Last Messages --------------- K-01 Serf collects debris. S-27 Virus destroyed. U-05 Engineer lays Concrete. K-01 Serf collects debris. U-05 Engineer builds a Wall. K-01 Serf cleans the Garrison Access. Knocked back. The unstable cave ceiling collapses. VTOL Module crushed. U-05 Engineer lays Concrete. K-01 Serf collects debris. U-05 Engineer lays Concrete. The unstable cave ceiling collapses. U-05 Engineer lays Concrete. K-01 Serf collects debris. U-05 Engineer lays Concrete. K-01 Serf collects debris. U-05 Engineer lays Concrete. R-06 Scavenger collects Autogun. K-01 Serf cleans the Subcomponent Replicator. Map ----- +----------------------------------------------------+ | ## # #?????????? ?????????????????? | | ?# ################# ???????????????? | | ?# u ] ???????????????? | | ##+########### ?????????? ???? | | ## ??????????? | | ## ??????????? | | """"""" ## ** """ """ ""???????????"" | | """"""" # ** """ """ """??????????"" | | """"""" # ** """ """ """ """?????""" " " | | """"""" + ???? ""G" | | # ????? | | !!! "" # m ! ????? % | | !! """ ##### #########################+#### | | !! R" #???# #??????????# ! # | | / """ #???#r#??????????# # | | #???# #??????????# # | | # ###########???# #??????????# """ """ """ """ # | | ##??????????????# #????????????""" """ """ """ # | | ????????????????#+#########??# """ """ """ """ # | | ????????????????# #??# # | | ????????????????# """ """k################+##### | | ????????????????# """ """p# """" | | ????????????????# """ """ # ""F" ! | | ????????????????# "" "" # | | ????????????????# "" ""ks """"" """"" """"" """ | | ????????????????# @# """"" """"" """"" """ | | ????????????????# # """ """ """ """ | | ????????????????########### g | | ???????????????????# """"" """"" """"" """ | | ???????????????????# """"" """"" """"" """ | | ???????????????????# """ """ """ """ | | ???????????????????# | | ???????????????????# u ? | | ???????????????????# ################# | | ???????????????????# ????????????????? | | ?????????????????? ????????????????? ? | | ????????????????? ??????????????????? ??? | | ????????????????? ???????????????????? ??? | | ?????????????????? ????????????????????+?????? | | ???????????????????? ???????????????????????????? | | ?????????????????????????????????????????????????? | | ?????????????????????????????????????????????????? | | ?????????????????????????????????????????????????? | | ?????????????????????????????????????????????????? | | ?????????????????????????????????????????????????? | | ?????????????????????????????????????????????????? | | ?????????????????????????????????????????????????? | | ?????????????????????????????????????????????????? | | ?????????????????????????????????????????????????? | | ?????????????????????????????????????????????????? | +----------------------------------------------------+ Best States ------------- Heat Dissipation 44 Energy Generation 23 Energy Capacity 280 Matter Stores 300 Matter Capacity 300 Sight Range 16 Robot Scan Range 16 Terrain Scan Density 10 Evasion (%) 64 Targeting Accuracy 8 Target Analysis 5 Armor Integrity Analysis 33 Item Schematics ----------------- None Robot Schematics ------------------ None Fabricated ------------ Nothing Alien Tech Used ----------------- None Achievements -------------- None Challenges ------------ None RPGLIKE | -11 -10 -10 -9 -9 -9 -8 -8 -8 -7 --------- Run | Scr Mat Min Mat Min Exi Min Mat Gar Fac Levels Raised 14 | . 1 1 5 . . 2 3 . 2 XP Earned 24416 | 3000 2275 1312 7343 556 139 1875 4937 971 2008 XP Spent 20450 | 2250 500 1900 8300 . . . 7000 . 500 Upgrades 24 | 5 1 2 10 . . . 5 . 1 Power Slot 1 | . . . . . . . . . 1 Propulsion Slot 3 | . 1 2 . . . . . . . Utility Slot 6 | 1 . . 3 . . . 2 . . Inventory Capacity 1 | 1 . . . . . . . . . Ranged Accuracy 9 | . . . 6 . . . 3 . . KI Damage % 4 | 3 . . 1 . . . . . . Protomatter Created 1338 | . 191 . 172 33 . 126 594 121 101 Integrity Restored 2937 | . 367 207 385 99 . 285 1339 255 . Core 2517 | . 321 165 305 99 . 237 1135 255 . Parts 420 | . 46 42 80 . . 48 204 . . Protomatter Decayed 437 | . 57 143 123 . . 19 79 . 16 Game ------ Seed MissileColdStorage Manual? 0 Play Time 01:49:23 Cumulative 41.9 hours Start 2019.12.21 @ 21:20:52 End 2019.12.22 @ 00:00:49 Sessions 1 Manual Loads 0 Difficulty Rogue Special Mode Winter2019/RPGLIKE Game No. 43 Rogue 43 Adventurer 0 Explorer 0 Win Type - Total 0 Types 0/0/0/0/0/0/0 Lore% 18 Gallery% 23 Achievement% 25 Wizard Run 0 Options --------- ASCII 0 Keyboard 0 Movement Mouse Keybinds 0 Fullscreen 0 Font 32/SmallcapsGlow Map View 76x50 Tactical HUD 0 Map Filters NONE Filters NONE Steam 1 RUN: 4aa8aa83-502f-4d4a-99b1-e1925db2656c